 Dungeon Crawl Stone Soup version 0.22-a0-614-g34fbaa0 (webtiles) character file.

4569 GizzardofKazz the Basher (level 10, -2/77 HPs)
             Began as a Formicid Fighter on July 14, 2018.
             Was a Follower of Okawaru.
             Slain by an orc warrior
             ... wielding a +0 spear
              (6 damage)
             ... in a bailey.
             The game lasted 00:34:31 (8557 turns).

GizzardofKazz the Basher (Formicid Fighter)         Turns: 8557, Time: 00:34:31

Health: -2/77      AC: 14    Str: 23    XL:     10   Next: 68%
Magic:  3/3        EV:  6    Int:  7    God:    Okawaru [*.....]
Gold:   390        SH: 13    Dex: 10    Spells: 9/9 levels left

rFire    + . .     SeeInvis +   z - +4 flail (antimagic)
rCold    + . .     Gourm    .   x - +2 shield {rC+ rF+}
rNeg     . . .     Faith    .   u - +1 plate armour
rPois    .         Spirit   .   (helmet unavailable)
rElec    .         Reflect  .   q - +0 cloak
rCorr    .         Harm     .   (no gloves)
MR       +....                  (no boots)
Stlth    ..........             (no amulet)
HPRegen  0.62/turn              C - +1 ring of protection
MPRegen  0.08/turn              (no ring)

@: no status effects
A: permanent stasis, dig shafts and tunnels, four strong arms, antennae 3,
blurry vision 1, regeneration 1, weak 1
a: Dig, Shaft Self, Heroism, Renounce Religion


You were in a bailey.
You worshipped Okawaru.
Okawaru was aware of your devotion.
You were not hungry.

You visited 2 branches of the dungeon, and saw 9 of its levels.
You also visited: Ossuary and Bailey.

You collected 534 gold pieces.
You spent 144 gold pieces at shops.

Inventory:

Hand Weapons
 a - a +0 flail
 z - a +4 antimagic flail (weapon)
 J - a +3 whip
Armour
 c - the +4 large shield "Xofiomio" {*Contam MR+++ Dex-5 Stlth+}
   (You acquired it in an ossuary)

   It affects your dexterity (-5).
   It affects your resistance to hostile enchantments.
   It causes magical contamination when unequipped.
   It makes you more stealthy.
 e - a +1 ring mail of magic resistance
 m - a +3 ring mail of fire resistance
 q - a +0 cloak (worn)
 u - a +1 plate armour (worn)
 x - a +2 shield of resistance (worn)
 M - a cursed +0 scale mail
Jewellery
 r - an uncursed ring of ice
 A - an uncursed ring of magical power
 C - a +1 ring of protection (left hand)
Wands
 p - a wand of flame (15)
 t - a wand of disintegration (14)
 w - a wand of clouds (4)
 y - a wand of digging (15)
 B - a wand of polymorph (13)
 F - a wand of random effects (22)
Scrolls
 g - 2 scrolls of teleportation {unknown}
 k - 7 scrolls of remove curse
 o - 2 scrolls of enchant weapon
 D - 2 scrolls of amnesia
 E - a scroll of acquirement
 H - a scroll of vulnerability {unknown}
 I - a scroll of fog
 L - a scroll of identify
Potions
 b - 2 potions of berserk rage {unknown}
 d - 2 potions of might
 h - a potion of curing
 i - a potion of heal wounds
 j - 2 potions of agility
 l - a potion of cancellation {unknown}
 n - a potion of haste {unknown}
 s - 2 potions of lignification {unknown}
 v - a potion of degeneration {unknown}
 G - a potion of ambrosia {unknown}
Comestibles
 f - 10 rations
 K - 3 chunks of flesh


   Skills:
 + Level 6.8 Fighting
 * Level 12.0 Maces & Flails
 - Level 3.2 Armour
 - Level 9.0 Shields


You had 9 spell levels left.
You didn't know any spells.
Your spell library contained the following spells:

 Spells                   Type           Power        Failure   Level  Hunger
 Confuse                  Hex            #.......     100%        3    ####...
 Confusing Touch          Hex            #.....       100%        1    ##.....
 Metabolic Englaciation   Hex/Ice        #.........   100%        5    ######.
 Petrify                  Tmut/Erth      #.......     100%        4    #####..
 Gell's Gravitas          Tloc           #.........   100%        3    ####...
 Yara's Violent Unravell  Hex/Tmut       #.........   100%        5    ######.


Dungeon Overview and Level Annotations

Branches:
Dungeon (8/15)             Temple (1/1) D:7
   Lair: D:8-11

Altars:
Ashenzari
Cheibriados
Dithmenos
Fedhas
Gozag
Kikubaaqudgha
Makhleb
Okawaru
Qazlal
Ru
Trog
Uskayaw
Vehumet
Wu Jian
Xom
Yredelemnul
Zin
The Shining One

Shops:
D:4 !   D:6 [

Annotations:
D:7 1 runed door


Innate Abilities, Weirdness & Mutations

You cannot be hasted, slowed, berserked, paralysed or teleported.
You can dig through walls and to a lower floor.
Your four strong arms can wield two-handed weapons with a shield.
You have a pair of large antennae on your head. (SInv)
Scrolls take you a little longer to read.
Your natural rate of healing is unusually fast.
You are weak. (Str -2)


Message History

Okawaru accepts your kill. The orc warrior closely misses you.
The orc warrior hits you but does no damage.
Items here: )) [[ a trident; a scale mail; a spear; a scale mail You closely miss the orc warrior.
The orc warrior hits you with a spear.
* * * LOW HITPOINT WARNING * * *
You sock the orc warrior!
The orc warrior is heavily wounded.
You block the orc warrior's attack.
The orc warrior hits you but does no damage.
You sock the orc warrior!
The orc warrior is severely wounded.
You block the orc warrior's attack.
The orc warrior hits you from afar with a glaive!
* * * LOW HITPOINT WARNING * * *
You hit the orc warrior.
The orc warrior is almost dead.
The orc warrior hits you with a spear.
You die...

###################
##≈≈≈≈≈≈≈≈≈≈≈≈≈≈≈≈≈##
##..............o....##
#...........o..o......#
.......⌠##########)####
....#####.......@oo..≈#
...##....≈≈≈≈≈≈≈≈≈...≈#
.)(#.⌠.≈≈≈.......≈≈..≈##
)..#..≈≈).≈≈≈≈≈≈≈....≈≈##
))⌠#.≈≈)≈≈≈)..((≈≈≈...≈≈##
){##.≈)≈≈).≈≈≈≈≈..≈≈..⌠≈≈#
..#.≈≈)≈)≈≈≈...≈≈≈.≈≈..≈≈#
..#.≈.≈≈.≈..⌠.⌠..≈≈.≈...≈#
..#.≈..).≈..∩∩∩.....≈...≈#


You could see 2 orc warriors.

Vanquished Creatures
  A troll (D:8)
  Sigmund (D:2)
  2 wraiths (Ossuary)
  Edmund (D:4)
  A water moccasin (D:8)
  3 ice beasts
  A sky beast (D:8)
  10 orc warriors
  6 ogres
  5 centaurs
  A bullfrog (D:6)
  A scorpion (D:6)
  3 wights (Ossuary)
  A howler monkey (D:5)
  3 crimson imps
  A centaur zombie (D:6)
  2 bullfrog zombies
  4 hounds
  A jelly (D:7)
  6 orc wizards
  3 bullfrog skeletons
  5 orc priests
  Terence (D:2)
  An iguana (D:6)
  6 worker ants
  Robin (D:2)
  A howler monkey skeleton (D:5)
  7 adders
  2 shadow imps
  3 oozes
  2 adder skeletons (D:6)
  An adder zombie (Ossuary)
  A worm (D:4)
  5 leopard geckos
  37 orcs
  2 ball pythons
  9 bats
  2 giant cockroaches
  17 goblins
  9 hobgoblins
  16 jackals
  8 kobolds
  A ball python skeleton (Ossuary)
  6 frilled lizards
  A hobgoblin skeleton (Ossuary)
  A hobgoblin zombie (Ossuary)
  A jackal skeleton (D:7)
  A kobold zombie (Ossuary)
  A leopard gecko skeleton (D:5)
  3 orc zombies (Ossuary)
  A quokka skeleton (D:7)
  A quokka zombie (D:5)
  11 rats
  A rat zombie (D:6)
222 creatures vanquished.

Notes
Turn   | Place    | Note
-------+----------+-------------------------------------------
     0 | D:1      | GizzardofKazz the Formicid Fighter began the quest for the Orb.
     0 | D:1      | Reached XP level 1. HP: 18/18 MP: 1/1
    41 | D:1      | You fall through a shaft!
    43 | D:2      | Reached XP level 2. HP: 20/24 MP: 2/2
    67 | D:2      | Reached XP level 3. HP: 19/29 MP: 3/3
   695 | D:1      | Reached skill level 3 in Maces & Flails
  1051 | D:2      | Found a burning altar of Makhleb.
  1051 | D:2      | Found a basalt altar of Yredelemnul.
  1199 | D:2      | Noticed Sigmund
  1208 | D:2      | Killed Sigmund
  1208 | D:2      | Reached skill level 4 in Maces & Flails
  1208 | D:2      | Reached skill level 5 in Shields
  1208 | D:2      | Reached XP level 4. HP: 28/35 MP: 4/4
  1208 | D:2      | Reached XP level 5. HP: 33/41 MP: 5/5
  1208 | D:2      | Reached XP level 6. HP: 38/47 MP: 6/6
  1291 | D:2      | Noticed Robin
  1309 | D:2      | Killed Robin
  1675 | D:2      | Noticed Terence
  1688 | D:2      | Killed Terence
  2851 | D:3      | Reached skill level 5 in Maces & Flails
  2954 | D:4      | Noticed Edmund
  2997 | D:4      | Killed Edmund
  2997 | D:4      | Reached XP level 7. HP: 27/52 MP: 0/7
  3599 | D:4      | Reached skill level 6 in Maces & Flails
  3646 | D:4      | Found Ohylud's Distillery.
  3665 | D:4      | Bought a potion of might for 48 gold pieces
  3665 | D:4      | Bought a potion of mutation for 96 gold pieces
  3870 | D:4      | Reached XP level 8. HP: 58/58 MP: 8/8
  4308 | D:4      | Gained mutation: You are weak. (Str -2) [potion of mutation]
  4308 | D:4      | Gained mutation: Scrolls take you a little longer to read. [potion of mutation]
  4308 | D:4      | Gained mutation: Your natural rate of healing is unusually fast. [potion of mutation]
  4311 | D:5      | Entered Level 5 of the Dungeon
  4776 | D:5      | Reached skill level 7 in Maces & Flails
  4859 | D:5      | Reached skill level 8 in Maces & Flails
  4859 | D:5      | Reached XP level 9. HP: 55/64 MP: 3/9
  5379 | D:6      | Identified 3 scrolls of acquirement
  5446 | D:6      | HP: 1/64 [orc priest/divine providence (10)]
  5451 | D:6      | HP: 2/64 [poisoned by a worker ant]
  5456 | D:6      | Reached skill level 9 in Maces & Flails
  5517 | D:6      | Found a sand-covered staircase.
  5527 | Ossuary  | Entered an ossuary
  5836 | Ossuary  | Reached skill level 10 in Maces & Flails
  5909 | Ossuary  | Got a faintly humming large shield
  5920 | Ossuary  | Identified the +4 large shield "Xofiomio" {*Contam MR+++ Dex-5 Stlth+} (You acquired it in an ossuary)
  6230 | D:6      | Found Toph's Armour Shoppe.
  6477 | D:7      | Reached skill level 5 in Fighting
  6477 | D:7      | Reached XP level 10. HP: 74/74 MP: 3/10
  6573 | D:7      | Found a staircase to the Ecumenical Temple.
  6645 | Temple   | Entered the Ecumenical Temple
  6679 | Temple   | Became a worshipper of Warmaster Okawaru
  6880 | D:7      | Found a runed door.
  6885 | D:7      | Noticed a sixfirhy
  7340 | D:8      | Reached skill level 11 in Maces & Flails
  7500 | D:8      | Found a glowing silver altar of Zin.
  7506 | D:8      | Found an ancient bone altar of Kikubaaqudgha.
  7506 | D:8      | Found a shimmering altar of Xom.
  7506 | D:8      | Found a stormy altar of Qazlal.
  7855 | D:8      | Found a flagged portal.
  7861 | Bailey   | Entered a bailey
  7907 | Bailey   | Reached * piety under Okawaru
  8539 | Bailey   | Reached skill level 12 in Maces & Flails
  8556 | Bailey   | HP: 3/77 [orc warrior/glaive (10)]
  8557 | Bailey   | Slain by an orc warrior

Vault maps used:
D:1:      dpeg_arrival_lava_temple_mockup
D:2:      chequers_temple_overflow_statue_of_worship, uniq_robin, uniq_terence,
          uniq_sigmund
D:4:      serial_shops, shop_statue, first_ration, uniq_edmund
D:5:      kb_forest_paths, xom_teletrap_fun
D:6:      serial_shops, shop, enter_ossuary_3, kennysheep_small_circle
D:7:      cheibrodos_shockbox, lemuel_temple_firewalk_b
D:8:      minitemple, enter_bailey_3
Temple:   regret_index_temple_sphere_string
Ossuary:  ossuary_due_cavern
Bailey:   bailey_polearm_flooded_kennysheep, bailey

Skill      XL: |  1  2  3  4  5  6  7  8  9 10 |
---------------+-------------------------------+-----
Shields        | 4 5 7 9 |  9.0
Maces & Flails | 4 5 6 8 10 12 | 12.0
Fighting       | 5 6 |  6.8
Armour         | |  3.2

Action                   |  1- 3 |  4- 6 |  7- 9 | 10-12 || total
-------------------------+-------+-------+-------+-------++-------
Melee: Flail             |   110 |   205 |   323 |   213 ||   851
Invok: Heroism           |       |       |       |     1 ||     1
  Use: Potion            |       |       |     4 |       ||     4
       Scroll            |       |       |    12 |     3 ||    15
  Eat: Chunk             |     1 |     6 |    12 |     3 ||    22
       Ration            |       |       |       |     1 ||     1
Armor: Ring mail         |    45 |    61 |       |       ||   106
       Plate armour      |       |    10 |   132 |    97 ||   239
Dodge: Dodged            |    35 |    55 |    49 |    58 ||   197
Block: Shield            |    60 |   108 |   172 |   223 ||   563

Table legend:
 A = Spawn XP
 B = Non-spawn XP
 C = Spawn XP percentage of total XP
 D = Spawn monster count
 E = Non-spawn monster count
 F = Spawn count percentage of total count
 G = Total turns spent on level
                    A         B        C        D         E        F      G
               +---------+---------+-------+---------+---------+-------+---------
         Total |       0 |    6528 |   0.0 |       0 |     222 |   0.0 |  8557
               +---------+---------+-------+---------+---------+-------+---------
           D:1 |       0 |      38 |   0.0 |       0 |      20 |   0.0 |   827
           D:2 |       0 |     363 |   0.0 |       0 |      36 |   0.0 |  1495
           D:3 |       0 |      97 |   0.0 |       0 |      25 |   0.0 |   635
           D:4 |       0 |     697 |   0.0 |       0 |      14 |   0.0 |  1558
           D:5 |       0 |     904 |   0.0 |       0 |      32 |   0.0 |   859
           D:6 |       0 |    1225 |   0.0 |       0 |      33 |   0.0 |   639
           D:7 |       0 |     274 |   0.0 |       0 |       8 |   0.0 |   751
           D:8 |       0 |     790 |   0.0 |       0 |      10 |   0.0 |   604
       Ossuary |       0 |     577 |   0.0 |       0 |      13 |   0.0 |   410
        Bailey |       0 |    1563 |   0.0 |       0 |      31 |   0.0 |   696
               +---------+---------+-------+---------+---------+-------+---------
